 Dungeon Crawl Stone Soup version 0.31-a0-174-g85c54bcb58 (webtiles) character file.

Game seed: 6045777754134744074

99 qw the Shooter (level 4, -3/28 HPs)
             Began as a Gargoyle Hunter on June 15, 2023.
             Slain by a kobold
             ... wielding a +0 whip
              (5 damage)
             ... on level 3 of the Dungeon.
             The game lasted 00:00:48 (1991 turns).

qw the Shooter (Gargoyle Hunter)                    Turns: 1991, Time: 00:00:48

Health: -3/28      AC:  8    Str: 14    XL:     4   Next: 72%
Magic:  4/4        EV: 10    Int: 10    God:
Gold:   130        SH:  5    Dex: 15    Spells: 3/3 levels left

rFire   . . .        Y - +0 shortbow (flame)
rCold   . . .        (shield currently unavailable)
rNeg    + . .        i - +0 ring mail
rPois   inf          (no helmet)
rElec   +            (no cloak)
rCorr   .            (no gloves)
SInv    .            (no boots)
Will    .....        d - amulet of reflection
Stlth   +            (no ring)
HPRegen 0.24/turn    (no ring)
MPRegen 0.09/turn

%: reflection
@: no status effects
A: sickness immunity, AC +3, negative energy resistance 1, electricity
resistance, torment resistance 1, petrification resistance
a: no special abilities


You were on level 3 of the Dungeon.
You visited 1 branch of the dungeon, and saw 3 of its levels.

You collected 130 gold pieces.


Innate Abilities, Weirdness & Mutations

You are immune to sickness and miasma.
Your stone body is resilient. (AC +3)
You are immune to poison.
You resist negative energy. (rN+)
You are resistant to electric shocks. (rElec)
You are resistant to unholy torment.
You are immune to petrification.


   Skills:
 - Level 3.0 Fighting
 + Level 5.4 Ranged Weapons
 - Level 1.2 Armour
 - Level 1.5 Dodging
 - Level 1.1 Stealth


You had 3 spell levels left.
You didn't know any spells.
Your spell library was empty.

Inventory:

Hand Weapons
 Y - a +0 shortbow of flaming (weapon)
Armour
 e - a +0 cloak
 i - a +0 ring mail (worn)
Jewellery
 d - an amulet of reflection (around neck)
Scrolls
 a - 3 scrolls of amnesia {unknown}
 g - a scroll of vulnerability {unknown}
 m - a scroll of identify
Potions
 b - 2 potions of heal wounds {unknown}
 c - a potion of cancellation {unknown}
 f - 2 potions of curing
 h - a potion of lignification {unknown}
 j - a potion of brilliance {unknown}
 k - a potion of berserk rage {unknown}
 l - a potion of enlightenment {unknown}

Dungeon Overview and Level Annotations

Branches:
Dungeon (3/15)

Altars:


Message History

The kobold hits you but does no damage. x2; You block the kobold's attack.
The kobold hits you with a +0 whip.
You shoot an arrow. The arrow barely misses the kobold.
The kobold barely misses you. The kobold misses you.
The kobold hits you but does no damage. The kobold closely misses you.
You shoot an arrow. The arrow barely misses the kobold.
The kobold closely misses you. The kobold hits you with a +0 whip.
The kobold hits you but does no damage. The kobold barely misses you.
You shoot an arrow. The arrow closely misses the kobold.
The kobold closely misses you. The kobold barely misses you. x2
You block the kobold's attack.
The kobold hits you but does no damage. x4
You shoot an arrow. The arrow closely misses the kobold.
You block the kobold's attack. The kobold hits you but does no damage.
The kobold closely misses you. The kobold hits you with a +0 whip.
You shoot an arrow. The arrow misses the kobold.
The kobold hits you but does no damage. x2; The kobold closely misses you.
The kobold barely misses you.
You shoot an arrow. The arrow barely misses the kobold.
The kobold hits you with a +0 dagger.
The kobold hits you but does no damage. x3
You shoot an arrow. The arrow barely misses the kobold.
The kobold hits you with a +0 whip. The kobold barely misses you.
The kobold hits you with a +0 whip.
The kobold hits you but does no damage. x2
The kobold closely misses you. The kobold hits you but does no damage.
The kobold hits you with a +0 dagger.
You shoot an arrow. The arrow barely misses the kobold.
The kobold hits you with a +0 whip. The kobold barely misses you.
The kobold misses you. The kobold closely misses you.
You shoot an arrow.
The arrow hits the kobold but does no damage.
The kobold hits you but does no damage. The kobold barely misses you. x2
You block the kobold's attack.
You shoot an arrow. The arrow hits the kobold.
The arrow burns the kobold.
The kobold is severely wounded.
The kobold barely misses you. You block the kobold's attack.
The kobold barely misses you. The kobold hits you with a +0 whip.
You shoot an arrow. The arrow hits the kobold.
The arrow burns the kobold.
You kill the kobold!
The kobold hits you with a +0 whip. You block the kobold's attack.
The kobold barely misses you. The kobold hits you with a +0 whip.
You die...

.#...##......+
.###.....####
.#)..##......# .#
#..#### .#...##......#
.# #..#
.....##......####.###...
.....##......##.....
.....##......##...# #
.....##.......#...#.#
.....#####+#....#)..#
.....# #.##K@)..# .....#
.#.#.###KK'## .....##
.#.### #...# #.....# ...
.....# #####.##.###
......# #.....<#
.....?.# ######.....#
...$...# .....#.....#
#.......# ####.#.....#


You could see 3 kobolds.

Vanquished Creatures
  2 adders (D:2)
  A gnoll (D:1)
  4 worms
  2 dart slugs
  7 endoplasms
  3 giant cockroaches
  7 goblins
  4 hobgoblins
  4 jackals (D:1)
  10 kobolds
  A quokka (D:3)
  A ball python (D:1)
  4 bats
  2 frilled lizards (D:1)
  2 rats (D:1)
54 creatures vanquished.

Notes
Turn   | Place    | Note
-------+----------+-------------------------------------------
     0 | D:1      | qw the Gargoyle Hunter began the quest for the Orb.
     0 | D:1      | Reached XP level 1. HP: 12/12 MP: 1/1
     0 | D:1      | 0 ||| qw: Version: 0.2-a-29-g511e9b1
     0 | D:1      | 0 ||| qw: Game counter: 5544
     0 | D:1      | 0 ||| qw: Always use a shield: true
     0 | D:1      | 0 ||| qw: God list: Okawaru
     0 | D:1      | 0 ||| qw: Allow faded altars: false
     0 | D:1      | 0 ||| qw: Do Orc after D:15 true
     0 | D:1      | 0 ||| qw: Do second Lair branch before Depths: true
     0 | D:1      | 0 ||| qw: Lair rune preference: random
     0 | D:1      | 0 ||| qw: Plans: Normal, Zot:1-4, Slime:5, God:TSO, Crypt,
                  | Tomb, Abyss, Pan, Hells, Win
     0 | D:1      | 0 ||| PLANNING D:1-11
    94 | D:1      | Reached XP level 2. HP: 17/17 MP: 2/2
   488 | D:1      | Reached XP level 3. HP: 13/21 MP: 3/3
   585 | D:1      | Reached skill level 5 in Ranged Weapons
   841 | D:1      | 841 ||| UPGRADING to +0 ring mail.
   851 | D:1      | 851 ||| DROPPING +0 leather armour.
   852 | D:1      | 852 ||| UPGRADING to amulet of reflection.
   857 | D:1      | 857 ||| READING scroll labelled MOOBRE BOOMU.
   858 | D:1      | 858 ||| READING scroll labelled HOCUVU GUBOLACS.
   859 | D:1      | 859 ||| DRINKING 2 fuming sapphire potions.
   860 | D:1      | 860 ||| DROPPING scroll of butterflies.
  1051 | D:2      | Reached skill level 1 in Armour
  1468 | D:2      | Reached skill level 3 in Fighting
  1468 | D:2      | Reached XP level 4. HP: 28/28 MP: 4/4
  1615 | D:2      | 1615 ||| READING scroll labelled QEMAW IXICA TIW.
  1616 | D:2      | 1616 ||| READING scroll labelled JIX HAFIMM.
  1617 | D:2      | 1617 ||| READING scroll labelled KELORY TUEKLOC.
  1618 | D:2      | 1618 ||| READING scroll labelled BIGAOMA TAOGG.
  1659 | D:3      | 1659 ||| STAIRDANCE
  1730 | D:3      | 1730 ||| FLEEEEING.
  1987 | D:3      | HP: 7/28 [kobold/+0 dagger (2)]
  1990 | D:3      | HP: 3/28 [kobold/+0 whip (2)]
  1991 | D:3      | Slain by a kobold

Levels and vault maps discovered:
D:1:      psy_arrival_dodecagon, layout_basic, minmay_tree_intersection,
          nicolae_grassy_gnolls
D:2:      minmay_chambers_of_ones, layout_loops_cross,
          minmay_misc_feat_secret_circle
D:3:      cheibrodos_fertilizer, layout_basic, serial_park_tiny_pond,
          kennysheep_generic_room_14

Skill      XL: |  1  2  3 |
---------------+----------+-----
Ranged Weapons | 5 |  5.4
Armour         | 1 |  1.2
Fighting       | 3 |  3.0
Dodging        | |  1.5
Stealth        | |  1.1

Action                     |  1- 3 |  4- 6 || total
---------------------------+-------+-------++-------
   Fire: Shortbow          |    97 |    78 ||   175
    Use: Scroll            |     2 |     4 ||     6
         Potion            |     1 |       ||     1
 Armour: Leather armour    |     5 |       ||     5
         Ring mail         |    11 |    32 ||    43
  Dodge: Dodged            |    26 |    39 ||    65
  Block: Other             |     3 |    11 ||    14

Table legend:
 A = Non-vault XP
 B = Vault XP
 C = Vault XP percentage of total XP
 D = Non-vault monster count
 E = Vault monster count
 F = Vault count percentage of total count
                 A         B        C        D         E       F
            +---------+---------+-------+---------+---------+-------
      Total |     111 |      33 |  22.9 |      44 |      10 |  18.5
            +---------+---------+-------+---------+---------+-------
        D:1 |      29 |      13 |  31.0 |      19 |       1 |   5.0
        D:2 |      49 |      13 |  21.0 |      10 |       5 |  33.3
        D:3 |      33 |       7 |  17.5 |      15 |       4 |  21.1
            +---------+---------+-------+---------+---------+-------
